 Dungeon Crawl Stone Soup version 0.31-a0-986-g5e6e4ef867 (webtiles) character file.

Game seed: 10578487357777953266

112 monsoonserge the Caller (level 5, 0/37 HPs)
             Began as a Human Summoner on Nov 17, 2023.
             Slain by an orc
             ... wielding a +0 flail
              (5 damage)
             ... on level 3 of the Dungeon.
             The game lasted 00:10:56 (2297 turns).

monsoonserge the Caller (Human Summoner)            Turns: 2297, Time: 00:10:58

Health: 0/37       AC:  5    Str:  8    XL:     5   Next: 16%
Magic:  4/9        EV: 11    Int: 23    God:
Gold:   175        SH:  4    Dex: 13    Spells: 3/9 levels left

rFire   + . .        i - +1 short sword
rCold   . . .        c - +0 buckler
rNeg    . . .        a - +0 robe
rPois   +            (no helmet)
rElec   .            f - +1 cloak "Forget-Me-Not" {Int+5 SInv}
rCorr   .            (no gloves)
SInv    +            p - +0 pair of boots
Will    .....        e - amulet of magic regeneration
Stlth   ++           h - ring of protection from fire
HPRegen 0.26/turn    j - ring of poison resistance
MPRegen 0.51/turn

%: no passive effects
@: very slightly contaminated
A: no striking features
a: no special abilities


You were on level 3 of the Dungeon.
You visited 1 branch of the dungeon, and saw 3 of its levels.

You collected 175 gold pieces.

Inventory:

Hand Weapons
 i - a +1 short sword (weapon)
Armour
 a - a +0 robe (worn)
 c - a +0 buckler (worn)
 f - the +1 cloak "Forget-Me-Not" (worn) {Int+5 SInv}
   (You acquired it on level 3 of the Dungeon)

   Int+5:     It affects your intelligence (+5).
   SInv:      It lets you see invisible.
 l - a +0 ring mail
 p - a +0 pair of boots (worn)
Jewellery
 e - an amulet of magic regeneration (around neck)
 h - a ring of protection from fire (left hand)
 j - a ring of poison resistance (right hand)
Scrolls
 d - a scroll of immolation
 g - a scroll of fear
 k - 2 scrolls of blinking {unknown}
 n - a scroll of poison
 q - a scroll of identify
Potions
 b - 2 potions of magic
 m - 2 potions of curing {unknown}
 o - 2 potions of brilliance


   Skills:
 + Level 1.0 Fighting
 + Level 0.4 Short Blades
 + Level 2.1 Dodging
 - Level 2.0 Stealth
 * Level 1.4 Shields
 * Level 2.8 Spellcasting
 * Level 4.9 Summonings


You had 3 spell levels left.
You knew the following spells:

 Your Spells              Type           Power      Damage    Failure   Level
a - Summon Small Mammal   Summ           100%       N/A       2%          1
b - Call Imp              Summ           52%        N/A       3%          2
c - Call Canine Familiar  Summ           26%        N/A       7%          3

Your spell library contained the following spells:

 Spells                   Type           Power      Damage    Failure   Level
 Slow                     Hex            12%        N/A       19%         1
 Summon Guardian Golem    Hex/Summ       14%        N/A       21%         3
 Confusing Touch          Hex            3%         N/A       50%         3
 Dazzling Flash           Conj/Hex       6%         N/A       50%         3
 Frozen Ramparts          Ice            6%         1d1       50%         3
 Sigil of Binding         Hex            3%         N/A       50%         3
 Vampiric Draining        Necr           3%         2d6       50%         3
 Volatile Blastmotes      Fire/Tloc      6%         2d10      50%         3
 Summon Lightning Spire   Summ/Air       14%        N/A       54%         4
 Petrify                  Tmut/Erth      3%         N/A       88%         4
 Metabolic Englaciation   Hex/Ice        1%         N/A       99%         5
 Starburst                Conj/Fire      1%         6d3       100%        6
 Maxwell's Capacitive Co  Air            1%         ∞         100%        8


Dungeon Overview and Level Annotations

Branches:
Dungeon (3/15)

Altars:
Okawaru

Annotations:
D:1 Fly for !smoky orange


Message History

Your quokka dies!
Your quokka's corpse disappears in a puff of smoke!
Your hound barely misses the orc.
The orc barely misses you.
Your cerulean imp closely misses the orc.
You closely miss the orc priest.
The orc priest is heavily wounded.
The orc barely misses you. The orc priest hits you with a +0 mace.
Your cerulean imp hits the orc from afar with a -2 spear.
You swap places.
Your hound bites the orc priest.
Something hits your hound!
The orc priest invokes the aid of Beogh against you.
Beogh smites you!
* * * LOW HITPOINT WARNING * * *
Your cerulean imp hits the orc but does no damage.
Your hound bites the orc priest.
Unknown command.
You hit the orc.
The orc is heavily wounded.
The orc closely misses you.
The orc priest hits your hound with a +0 mace!
Your hound dies!
Your hound's corpse disappears in a puff of smoke!
Your cerulean imp hits the orc but does no damage.
The orc closely misses your cerulean imp.
Casting: Call Canine Familiar (dangerous; 7% risk of failure)
Confirm with . or Enter, or press ? or * to list all spells.
You miscast Call Canine Familiar.
You are very lightly contaminated with residual magic.
Nothing appears to happen.
The orc priest shouts!
Your cerulean imp hits the orc priest from afar with a -2 spear.
The orc barely misses you.
Casting: Call Canine Familiar (dangerous; 7% risk of failure)
Confirm with . or Enter, or press ? or * to list all spells.
You miscast Call Canine Familiar.
Desperate hands claw out at you.
A nameless horror comes into view.
Your cerulean imp hits the orc priest from afar with a -2 spear.
The orc priest dies!
The orc hits you with a +0 flail.
You die...

### #### ## ####..
######... .#
...... #...##.###
.# ####..
#.#......##o# #
#...##.5o.#o# ###
#.#####.###.@#.#.#
..#
#.........X.§o?..#
..#
######.######.##.#
..###......#
#..$.#
...........#
#..###
..###......# #..#
...........# #.##
#.###......# #..
#............. ...


You could see a nameless horror, 2 orcs and a friendly cerulean imp (summoned).

Vanquished Creatures
  2 adders (D:2)
  A ball python (D:1)
  2 bats
  An endoplasm (D:1)
  A goblin (D:1)
  5 hobgoblins
  2 kobolds (D:1)
14 creatures vanquished.

Vanquished Creatures (collateral kills)
  A hound (D:3)
  An orc priest (D:3)
  An adder (D:3)
  A gnoll (D:1)
  2 worms (D:2)
  A dart slug (D:1)
  2 ball pythons
  An endoplasm (D:1)
  3 giant cockroaches
  3 goblins
  A hobgoblin (D:1)
  3 quokkas
  2 bats
  2 frilled lizards
  A kobold (D:1)
25 creatures vanquished.

Grand Total: 39 creatures vanquished

Notes
Turn   | Place    | Note
-------+----------+-------------------------------------------
     0 | D:1      | monsoonserge the Human Summoner began the quest for the
                  | Orb.
     0 | D:1      | Reached XP level 1. HP: 13/13 MP: 3/3
   401 | D:1      | Reached XP level 2. HP: 19/19 MP: 1/5
   612 | D:1      | Reached XP level 3. HP: 8/24 MP: 2/6
  1148 | D:2      | Reached skill level 1 in Shields
  1156 | D:2      | Learned a level 2 spell: Call Imp
  1160 | D:2      | Learned a level 3 spell: Call Canine Familiar
  1412 | D:2      | Reached XP level 4. HP: 17/30 MP: 7/7
  1908 | D:3      | Found an iron altar of Okawaru.
  1920 | D:3      | Reached XP level 5. HP: 20/36 MP: 4/9
  1928 | D:3      | Identified a scroll of acquirement
  1933 | D:3      | Acquired the +1 cloak "Forget-Me-Not" {Int+5 SInv}
  1991 | D:3      | Reached skill level 1 in Fighting
  2025 | D:3      | Found a faded altar of an unknown god.
  2297 | D:3      | Slain by an orc

Illustrated notes

Levels and vault maps discovered:
D:1:      grunt_arrival_lava_bath, layout_basic,
          corexii_item_surrounded_by_moat, interstate_on_off, minmay_octomino_c4
D:2:      layout_basic
D:3:      minmay_spotlight, layout_loops_cross, general_overflow_altar,
          mainiacjoe_overflow_small_starburst, mainiacjoe_overflow_catwalk,
          mainiacjoe_overflow_catch_the_wave, ebering_ghost_disaster_area,
          hellmonk_ecumenical_altar_zigzags, st_stairs_7, solitary_fountain

Skill      XL: |  1  2  3  4  5 |
---------------+----------------+-----
Shields        | 1 |  1.4
Fighting       | 1 |  1.0
Short Blades   | |  0.4
Dodging        | |  2.1
Stealth        | |  2.0
Spellcasting   | |  2.8
Summonings     | |  4.9

Action                     |  1- 3 |  4- 6 || total
---------------------------+-------+-------++-------
  Melee: Unarmed           |     5 |       ||     5
         Club              |     5 |       ||     5
         Short sword       |    60 |    33 ||    93
   Cast: Summon Small Mamm |    26 |    18 ||    44
         Call Imp          |     3 |    10 ||    13
         Call Canine Famil |     1 |     6 ||     7
    Use: Scroll            |       |     8 ||     8
   Stab: Sleeping          |     3 |       ||     3
 Armour: Robe              |    39 |    35 ||    74
  Dodge: Dodged            |    46 |    30 ||    76
  Block: Buckler           |    21 |     6 ||    27

Table legend: (Time is in decaauts)
 A = Elapsed time spent in this place.
 B = Non-inter-level travel time spent in this place.
 C = Inter-level travel time spent in this place.
 D = Time resting spent in this place.
 E = Time spent auto-exploring this place.
 F = Levels seen in this place.
 G = Mean time per level.
                   A        B        C        D        E       F      G
               +--------+--------+--------+--------+--------+-----+--------+
         Total |   2302 |   2263 |     39 |    147 |   1331 |   3 |  767.3 |
       Dungeon |   2302 |   2263 |     39 |    147 |   1331 |   3 |  767.3 |
               +--------+--------+--------+--------+--------+-----+--------+

Top non-repeatable levels by time:
     D:1: 1139 daAuts
     D:2: 694 daAuts
     D:3: 468 daAuts
